 Dungeon Crawl Stone Soup version 0.31.0-12-g77e489cdc1 (webtiles) character file.

Game seed: 16191836428779610326

211 Doomgape the Covered (level 5, -3/34 HPs)
             Began as a Gargoyle Fighter on Mar 1, 2024.
             Slain by a gnoll
             ... wielding a +0 whip
              (5 damage)
             ... on level 4 of the Dungeon.
             The game lasted 00:04:20 (2474 turns).

Doomgape the Covered (Gargoyle Fighter)             Turns: 2474, Time: 00:04:21

Health: -3/34      AC: 16    Str: 22    XL:     5   Next: 88%
Magic:  5/5        EV:  6    Int:  8    God:
Gold:   165        SH:  4    Dex:  9    Spells: 4/4 levels left

rFire   . . .        a - +0 flail
rCold   . . .        c - +0 buckler
rNeg    + . .        i - +0 plate armour
rPois   ∞            (no helmet)
rElec   +            (no cloak)
rCorr   .            (no gloves)
SInv    .            (no boots)
Will    .....        (no amulet) Stlth
                     (no ring)
HPRegen 0.25/turn    (no ring)
MPRegen 0.09/turn

%: no passive effects
@: no status effects
A: sickness immunity, AC +4, negative energy resistance 1, electricity
resistance, torment resistance 1, petrification resistance
a: no special abilities


You were on level 4 of the Dungeon.
You visited 1 branch of the dungeon, and saw 4 of its levels.

You collected 165 gold pieces.

Inventory:

Hand Weapons
 a - a +0 flail (weapon)
Armour
 c - a +0 buckler (worn)
 i - a +0 plate armour (worn)
Scrolls
 f - 3 scrolls of identify
 g - a scroll of butterflies {unknown}
 j - a scroll of blinking {unknown}
 k - a scroll of silence {unknown}
 m - a scroll of enchant armour
 n - a scroll of noise {unknown}
 o - a scroll of teleportation {unknown}
 p - a scroll of vulnerability {unknown}
Potions
 b - a potion of enlightenment {unknown}
 d - a potion of might
 e - 2 potions of curing
 h - a potion of ambrosia {unknown}
 l - a potion of heal wounds {unknown}


   Skills:
 + Level 4.4 Fighting
 + Level 3.4 Maces & Flails
 + Level 4.5 Armour
 + Level 4.4 Shields


You had 4 spell levels left.
You didn't know any spells.
Your spell library contained the following spells:

 Spells                   Type           Power      Damage    Failure   Level
 Dazzling Flash           Conj/Hex       0%         N/A       100%        3
 Volatile Blastmotes      Fire/Tloc      0%         2d10      100%        3
 Starburst                Conj/Fire      0%         6d3       100%        6
 Maxwell's Capacitive Co  Air            0%         ∞         100%        8


Dungeon Overview and Level Annotations

Branches:
Dungeon (4/15)
 Temple: D:4-7

Altars:


Innate Abilities, Weirdness & Mutations

You are immune to sickness and miasma.
Your stone body is resilient. (AC +4)
You are immune to poison.
You resist negative energy. (rN+)
You are resistant to electric shocks. (rElec)
You are resistant to unholy torment.
You are immune to petrification.


Message History

You hit the gnoll.
The gnoll is moderately wounded.
The gnoll hits you but does no damage. The gnoll closely misses you.
You barely miss the gnoll.
The gnoll is moderately wounded.
The gnoll completely misses you. You block the gnoll's attack.
You completely miss the gnoll.
The gnoll is moderately wounded.
The gnoll hits you but does no damage. x2; The gnoll barely misses you.
You thump the gnoll!
The gnoll is almost dead.
The gnoll barely misses you. The gnoll hits you with a +0 whip. x2
You completely miss the gnoll.
The gnoll is almost dead.
The gnoll hits you but does no damage. The gnoll hits you with a +0 whip.
You closely miss the gnoll.
The gnoll is almost dead.
The gnoll hits you with a +0 whip. The gnoll closely misses you.
The gnoll barely misses you.
You completely miss the gnoll.
The gnoll is almost dead.
The gnoll hits you but does no damage. You block the gnoll's attack.
The gnoll hits you but does no damage.
Unknown command.
You barely miss the gnoll.
The gnoll is almost dead.
The gnoll hits you but does no damage. The gnoll hits you with a +0 whip.
* * * LOW HITPOINT WARNING * * *
You hit the gnoll but do no damage.
The gnoll is almost dead.
The gnoll hits you with a +0 whip.
* * * LOW HITPOINT WARNING * * *
You block the gnoll's attack.
Unknown command.
Unknown command.
You hit the gnoll but do no damage.
The gnoll is almost dead.
You block the gnoll's attack. The gnoll completely misses you.
The gnoll hits you with a +0 whip.
You die...

############
#.......gg.#
#/.<....@..#
#..........#
#...=......†....?.
#######...........
#...........
###.........
#.........
..#.......
###.......


You could see 2 gnolls.

Vanquished Creatures
  A scorpion (D:4)
  2 gnolls (D:3)
  6 adders
  2 ribbon worms (D:2)
  5 orcs (D:3)
  7 ball pythons
  4 endoplasms
  4 giant cockroaches
  6 goblins
  6 hobgoblins
  2 jackals (D:2)
  8 kobolds
  2 quokkas
  5 bats
  6 frilled lizards
  5 rats
71 creatures vanquished.

Notes
Turn   | Place    | Note
-------+----------+-------------------------------------------
     0 | D:1      | Doomgape the Gargoyle Fighter began the quest for the Orb.
     0 | D:1      | Reached XP level 1. HP: 14/14 MP: 1/1
   180 | D:1      | Reached XP level 2. HP: 18/19 MP: 2/2
   700 | D:1      | Reached XP level 3. HP: 23/23 MP: 3/3
   920 | D:2      | Reached XP level 4. HP: 27/29 MP: 4/4
  1062 | D:2      | Found a faded altar of an unknown god.
  2115 | D:3      | Reached XP level 5. HP: 32/33 MP: 5/5
  2474 | D:4      | Slain by a gnoll

Illustrated notes

Levels and vault maps discovered:
D:1:      saegor_arrival_under_anarchy, layout_basic, serial_aquarium,
          aquarium_bridge_square [aquarium_subvault_wall,
          aquarium_subvault_bridge, aquarium_subvault_bridge,
          aquarium_subvault_bridge], aquarium_window_1, aquarium_window_fake,
          aquarium_window_1, aquarium_view_2c, aquarium_view_2c,
          aquarium_balcony_5b, aquarium_pool_2
D:2:      layout_basic, ebering_ecumenical_altar_box
D:3:      layout_loops_ring
D:4:      layout_rooms

Skill      XL: |  1  2  3  4 |
---------------+-------------+-----
Armour         | 4 |  4.5
Shields        | 4 |  4.4
Fighting       | 4 |  4.4
Maces & Flails | 3 |  3.4

Action                     |  1- 3 |  4- 6 || total
---------------------------+-------+-------++-------
  Melee: Flail             |    93 |   157 ||   250
    Use: Scroll            |     2 |       ||     2
 Armour: Scale mail        |    91 |    47 ||   138
         Plate armour      |       |    78 ||    78
  Dodge: Dodged            |    54 |    66 ||   120
  Block: Buckler           |    25 |    57 ||    82
